 Dungeon Crawl Stone Soup version 0.17.1-2-g5865329 (webtiles) character file.

276460 abixa the Executioner (level 20, 193/193 HPs)
             Began as a Hill Orc Gladiator on Jan 14, 2016.
             Was a High Priest of Okawaru.
             Quit the game on level 3 of the Elven Halls.
             The game lasted 03:05:03 (55054 turns).

abixa the Executioner (Hill Orc Gladiator)         Turns: 55054, Time: 03:05:03

Health: 193/193    AC: 31    Str: 21    XL:     20   Next: 37%
Magic:  31/31      EV: 15    Int:  9    God:    Okawaru [*****.]
Gold:   1311       SH:  0    Dex: 12    Spells: 3 memorised, 11 levels left

rFire  . . .     SeeInvis .     a - +9 executioner's axe (chop)
rCold  . . .     Clarity  .     b - +6 plate armour of Igiteditt {rCorr}
rNeg   + + +     SustAt   .     (shield currently unavailable)
rPois  .         Gourm    .     B - -1 helmet of the Cast Vote {Slay+5}
rElec  +         Spirit   +     V - +0 cloak {MR+}
rCorr  +         Warding  .     j - +0 pair of gloves of Analysis {rElec rN+++ Int+3 Dex-5}
rMut   .         Stasis   .     E - +2 pair of boots {run}
MR     +++..                    k - amulet of guardian spirit
Stlth  ..........               K - +4 ring of evasion
                                P - ring of protection from magic

@: quick, extremely resistant to hostile enchantments, extremely unstealthy
A: dopey 1
a: Heroism, Finesse, Renounce Religion
}: 2/15 runes: barnacled, gossamer


You were on level 3 of the Elven Halls.
You worshipped Okawaru.
Okawaru was extremely pleased with you.
You were not hungry.

You visited 6 branches of the dungeon, and saw 38 of its levels.
You also visited: Trove.

You collected 4309 gold pieces.
You spent 2998 gold pieces at shops.

Inventory:

Hand Weapons
 a - a +9 executioner's axe of chopping (weapon)
 n - a +2 arbalest of flaming
Missiles
 d - 5 throwing nets
 f - 48 javelins (quivered)
 q - 18 bolts of frost
 s - 21 silver bolts
 u - 12 poisoned needles
 W - 21 javelins of penetration
Armour
 b - the +6 plate armour of Igiteditt (worn) {rCorr}
   (You bought it in a shop on level 4 of the Orcish Mines)

   It protects you from acid and corrosion.
 g - the +3 helmet of Patience {rPois rN+++ Int-5 SInv}
   (You bought it in a shop on level 4 of the Orcish Mines)

   It affects your intelligence (-5).
   It protects you from poison.
   It renders you almost immune to negative energy.
   It lets you see invisible.
 j - the +0 pair of gloves of Analysis (worn) {rElec rN+++ Int+3 Dex-5}
   (You found it on level 9 of the Dungeon)

   It affects your intelligence (+3).
   It affects your dexterity (-5).
   It insulates you from electricity.
   It renders you almost immune to negative energy.
 x - the +1 ring mail of the Locust {Str+4 Dex-4 Stlth+, unknown}
   (Okawaru gifted it to you on level 2 of the Elven Halls)

   It affects your strength (+4).
   It affects your dexterity (-4).
   It makes you more stealthy.
 B - the -1 helmet of the Cast Vote (worn) {Slay+5}
   (You bought it in a shop on level 8 of the Dungeon)

   It affects your accuracy and damage with ranged weapons and melee attacks
   (+5).
 E - a +2 pair of boots of running (worn)
 V - a +0 cloak of magic resistance (worn)
Jewellery
 k - an amulet of guardian spirit (around neck)
 o - the ring "Nezuanot" {Wiz +Fly Str+4 Int+4}
   (You found it in a treasure trove)

   [ring of wizardry]

   It improves your spell success rate.
   It affects your strength (+4).
   It affects your intelligence (+4).
   It lets you fly.
 K - a +4 ring of evasion (right hand)
 L - an uncursed ring of fire
 P - a ring of protection from magic (left hand)
 S - an uncursed ring of teleportation
Wands
 z - a wand of digging (13)
 M - a wand of paralysis (4)
 N - a wand of disintegration (13)
 O - a wand of polymorph (8)
 T - a wand of teleportation (2)
Scrolls
 c - 3 scrolls of blinking
 e - a scroll of silence
 h - 7 scrolls of identify
 t - 14 scrolls of remove curse
 A - 12 scrolls of teleportation
 C - 3 scrolls of fear
 D - 3 scrolls of fog
 R - 10 scrolls of magic mapping
Potions
 v - 14 potions of curing
 y - 2 potions of resistance
 F - 2 potions of might
 H - 6 potions of cancellation
 I - a potion of heal wounds
 Z - a potion of haste
Books
 r - a Necronomicon

   Spells                             Type                      Level
   a - Haunt                          Necromancy/Summoning         7
   b - Borgnjor's Revivification      Necromancy                   8
   c - Death's Door                   Charms/Necromancy            8
   d - Necromutation                  Transmutation/Necromancy     8
Miscellaneous
 i - a fan of gales
 l - a disc of storms
 m - a stone of tremors
 Y - a lamp of fire
Comestibles
 p - a bread ration
 w - 17 fruits


   Skills:
 + Level 19.8 Fighting
 - Level 21.0 Axes
 - Level 6.6 Crossbows
 - Level 6.2 Throwing
 + Level 16.7 Armour
 + Level 9.4 Dodging
 - Level 9.0 Invocations
 + Level 14.9 Evocations


You had 11 spell levels left.
You knew the following spells:

 Your Spells              Type           Power        Failure   Level  Hunger
a - Phase Shift           Tloc           #.........   100%        5    ######.
b - Apportation           Tloc           #.........   100%        1    ##.....
c - Blink                 Tloc           N/A          100%        2    ###....


Dungeon Overview and Level Annotations

Branches:
Dungeon (15/15)            Temple (0/1) D:7            Lair (8/8) D:9
 Shoals (4/4) Lair:5       Spider (4/4) Lair:6        Slime (0/6) Lair:6
    Orc (4/4) D:9             Elf (3/3) Orc:4        Vaults (0/5) D:14
 Depths (0/5) D:15

Altars:
Ashenzari
Dithmenos
Elyvilon
Fedhas
Kikubaaqudgha
Makhleb
Nemelex Xobeh
Okawaru
Qazlal
Ru
Trog
Vehumet
The Shining One
Beogh

Shops:
D:6 }   D:8 [[*   D:13 !*!%*   Orc:4 }[[}!   Elf:2 (%   Shoals:3 [

Annotations:
Elf:3 bollicks1999's ghost, veteran HOFi


Innate Abilities, Weirdness & Mutations

You are dopey. (Int -2)


Message History

You kill the deep elf sorcerer!
Okawaru accepts your kill.
The blue devil disappears in a puff of smoke!
Something hits you but does no damage.
No target in view!
No target in view!
You hit something. Something completely misses you.
You hit something. Something hits you but does no damage.
You miss something. You slash something! Okawaru accepts your kill.
Reactivating autopickup.
You feel a bit more experienced.
Things that are here:
a scimitar of holy wrath; a leather armour; an elf corpse A deep elf annihilator comes into view.
It is wielding a long sword.
The deep elf annihilator shouts!
The deep elf annihilator casts a spell at you.
The bolt of lightning misses you.
Are you sure you want to abandon this character and quit the game? (Confirm with "yes".)

+++ +')..(.s##
e'+'..(.ee.#
'''''.[..e.s....
#.#......eer.... #
##..........ยง#.....
#.#..................
#.#.##...............
#......####.###......
#.#@#######.####.....
## #..# #.....b.#.....
#.###.## #............#
#...#.###.}.......b.#.
#...##.............##.
#..)#.)##.......#...#.
#.###.#.##.....b.#..#.#
## #<...##.......##.##.
#.#.######.#####.####


You could see a deep elf annihilator.

Vanquished Creatures
  Nikola (Elf:1)
  Arachne (Spider:4)
  The ghost of Yermak the Peltast, an adept FoSk of Lugonu (Shoals:3)
  3 deep elf blademasters
  A deep elf master archer (Elf:3)
  2 krakens
  Agnes (Elf:1)
  Frances (Elf:1)
  Roxanne (Spider:4)
  Ilsuiw (Shoals:4)
  Donald (Elf:1)
  Maud (Lair:3)
  3 ghost moths
  Louise (D:15)
  2 deep elf sorcerers (Elf:3)
  9 emperor scorpions
  A deep elf demonologist (Elf:3)
  Nessos (D:12)
  The ghost of Uhlv the Protected, a journeyman MiBe of Trog (Lair:5)
  A deep elf annihilator (Elf:3)
  5 deep elf death magi
  Snorg (Lair:4)
  4 merfolk javelineers
  18 merfolk impalers
  8 vault guards (D:14)
  Josephine (D:10)
  8 entropy weavers
  10 hydras
  Erolcha (D:8)
  A merfolk avatar (Shoals:4)
  Erica (D:10)
  An alligator snapping turtle (Shoals:3)
  4 catoblepae
  17 dancing weapons
  4 ogre magi (Orc:4)
  4 merfolk aquamancers
  A satyr (Shoals:2)
  3 centaur warriors
  18 death yaks (Lair:8)
  A tengu warrior (D:14)
  2 orc high priests
  Nergalle (Lair:1)
  14 deep elf knights
  A small abomination (Elf:3)
  2 fire crabs
  4 unseen horrors
  14 sea snakes
  6 deep elf summoners
  9 harpies
  4 orc knights
  A wolf spider zombie (D:11)
  2 wizards (D:15)
  12 griffons
  A necromancer (D:15)
  30 wolf spiders
  12 deep elf conjurers
  11 orc sorcerers
  22 orb spiders
  3 hill giants
  4 manticores
  4 moths of wrath
  5 cyclopes
  9 elephants
  An ugly thing (D:12)
  9 fauns
  6 water nymphs
  Joseph (D:10)
  10 hornets
  An ice statue (D:10)
  5 black mambas
  13 sirens
  13 spiny frogs
  Psyche (D:10)
  A gargoyle (D:14)
  2 torpor snails (Spider:1)
  2 centaur skeletons
  An efreet (D:13)
  12 deep elf priests
  4 komodo dragons
  11 demonic crawlers
  4 fire drakes
  A tengu conjurer (D:14)
  25 jumping spiders
  39 merfolk
  2 two-headed ogres
  2 wind drakes
  A hornet zombie (D:15)
  6 trolls
  5 boulder beetles
  A wolf spider simulacrum (D:15)
  5 slime creatures (D:14)
  15 snapping turtles
  41 yaks
  A centaur simulacrum (D:14)
  A vampire (D:15)
  27 tarantellas
  42 redbacks
  28 deep elf fighters
  28 trapdoor spiders
  14 hippogriffs
  20 deep elf magi
  A tarantella (shapeshifter) (Elf:2)
  A basilisk (Lair:1)
  3 water elementals
  3 wyverns
  A mottled dragon (D:13)
  2 fire bats (Shoals:2)
  5 wraiths
  3 hungry ghosts
  4 wargs
  2 soldier ants
  4 vampire mosquitoes (D:15)
  9 porcupines
  19 water moccasins
  An eye of draining (D:13)
  23 orc warriors
  28 spiders
  2 sky beasts
  2 black bears
  6 wasps
  2 ice beasts
  10 ogres
  A phantom (D:9)
  19 centaurs
  A necrophage (D:15)
  9 crocodiles
  A brain worm (D:15)
  21 giant frogs
  An elf zombie (D:15)
  2 wyvern zombies
  7 killer bees
  5 scorpions
  15 wights
  8 electric eels
  9 centaur zombies
  4 human zombies (D:15)
  8 crimson imps
  8 jellies
  Crazy Yiuf (D:4)
  30 orc priests
  2 giant frog skeletons
  2 quasits (D:11)
  6 hell rats (Lair:8)
  9 hounds
  14 iguanas
  Jessica (D:3)
  Terence (D:2)
  51 orc wizards
  2 human skeletons (D:15)
  14 worker ants
  52 sheep
  An ogre skeleton (D:15)
  A hound skeleton (D:5)
  A hound zombie (D:7)
  A mummy (D:15)
  2 worker ant zombies
  A gnoll (D:1)
  51 river rats
  14 adders
  A shadow imp (D:8)
  2 oozes
  An adder zombie (D:7)
  8 giant geckos
  218 orcs
  13 bats
  7 giant cockroaches
  8 hobgoblins
  4 jackals (D:1)
  5 quokkas
  A giant cockroach zombie (D:6)
  A giant gecko zombie (D:5)
  8 giant newts
  10 goblins
  2 jackal zombies
  10 kobolds
  A quokka skeleton (D:3)
  7 rats
  4 bushes
  A butterfly (Elf:3)
  3 crawling corpses (Elf:3)
  14 fungi
  20 plants
  7 tentacles
1582 creatures vanquished.

Vanquished Creatures (others)
  A merfolk javelineer (Shoals:4)
  A deep elf knight (Elf:2)
  A deep elf conjurer (Elf:2)
  A deep elf fighter (Elf:2)
  A hippogriff (D:11)
  2 spiders
  A bush (Lair:1)
  41 fungi
  18 plants
  4 tentacles
  513 tentacle segments
584 creatures vanquished.

Grand Total: 2166 creatures vanquished

Notes
Turn   | Place    | Note
--------------------------------------------------------------
     0 | D:1      | abixa the Hill Orc Gladiator began the quest for the Orb.
     0 | D:1      | Reached XP level 1. HP: 18/18 MP: 1/1
   193 | D:1      | Reached XP level 2. HP: 25/25 MP: 2/2
   393 | D:1      | Reached skill level 5 in Axes
   596 | D:1      | Reached XP level 3. HP: 24/30 MP: 3/3
   997 | D:2      | Found a faded altar to an unknown god.
  1074 | D:2      | Reached skill level 6 in Axes
  1521 | D:2      | Noticed Terence
  1527 | D:2      | Killed Terence
  1527 | D:2      | Reached XP level 4. HP: 25/37 MP: 4/4
  1845 | D:2      | Reached skill level 7 in Axes
  2497 | D:3      | Found a white marble altar of Elyvilon.
  2558 | D:3      | Noticed Jessica
  2561 | D:3      | Reached XP level 5. HP: 42/42 MP: 5/5
  2562 | D:3      | Killed Jessica
  3096 | D:4      | Noticed Crazy Yiuf
  3101 | D:4      | Killed Crazy Yiuf
  3101 | D:4      | Reached skill level 8 in Axes
  3101 | D:4      | Reached XP level 6. HP: 47/50 MP: 6/6
  3137 | D:4      | Reached skill level 1 in Armour
  3475 | D:4      | Found a burning altar of Makhleb.
  3572 | D:4      | Reached XP level 7. HP: 58/58 MP: 7/7
  3621 | D:4      | Reached skill level 9 in Axes
  4000 | D:5      | Entered Level 5 of the Dungeon
  4251 | D:5      | Learned a level 5 spell: Phase Shift
  4465 | D:5      | Reached skill level 5 in Fighting
  4465 | D:5      | Reached skill level 10 in Axes
  4465 | D:5      | Reached XP level 8. HP: 46/68 MP: 8/8
  4761 | D:5      | Found a shattered altar of Ashenzari.
  5053 | D:5      | Found an iron altar of Okawaru.
  5073 | D:5      | Became a worshipper of Warmaster Okawaru
  5216 | D:6      | Found Usur's Quality Used Wands.
  5230 | D:6      | Got a transparent buckler
  5288 | D:6      | Reached skill level 11 in Axes
  5318 | D:6      | Found a blossoming altar of Fedhas.
  5533 | D:6      | Reached skill level 5 in Armour
  5656 | D:6      | Found a shattered altar of Ashenzari.
  5656 | D:6      | Found a glowing golden altar of the Shining One.
  5715 | D:6      | Found a bloodstained altar of Trog.
  5894 | D:6      | Reached XP level 9. HP: 78/78 MP: 9/9
  6011 | D:7      | Reached * piety under Okawaru
  6012 | D:7      | Found a staircase to the Ecumenical Temple.
  6127 | D:7      | Reached skill level 1 in Invocations
  6192 | D:7      | Reached skill level 12 in Axes
  7026 | D:8      | Found Ysocw's Antique Armour Shoppe.
  7113 | D:8      | Noticed Erolcha
  7218 | D:9      | Reached ** piety under Okawaru
  7312 | D:9      | Found a staircase to the Lair.
  7369 | D:9      | Reached skill level 13 in Axes
  7688 | D:9      | Reached XP level 10. HP: 88/88 MP: 10/10
  7698 | D:9      | Found a staircase to the Orcish Mines.
  7899 | D:9      | Found a sacrificial altar of Ru.
  7967 | D:9      | Found a stormy altar of Qazlal.
  7976 | D:9      | Got a pair of dazzling gloves
  7991 | D:9      | Identified the cursed +0 pair of gloves of Analysis {rElec rN+++ Int+3 Dex-5} (You found it on level 9 of the Dungeon)
  8388 | Orc:1    | Entered Level 1 of the Orcish Mines
  8517 | Lair:1   | Entered Level 1 of the Lair of Beasts
  8599 | Lair:1   | Noticed Nergalle
  8635 | Lair:1   | Killed Nergalle
  8635 | Lair:1   | Reached skill level 14 in Axes
  8661 | Lair:1   | Reached *** piety under Okawaru
  9080 | Lair:1   | Got a warped ring mail
  9098 | Lair:1   | Noticed a five-headed hydra
  9216 | Orc:1    | Reached **** piety under Okawaru
  9440 | Orc:1    | Reached skill level 15 in Axes
  9518 | Orc:1    | Found a roughly hewn altar of Beogh.
  9585 | Orc:1    | Noticed an orc knight
  9587 | Orc:1    | Noticed an orc knight
  9611 | Orc:1    | Killed an orc knight
  9611 | Orc:1    | Reached XP level 11. HP: 43/99 MP: 8/11
  9844 | Orc:1    | Killed an orc knight
  9940 | Orc:1    | Noticed an orc knight
 10076 | Orc:1    | Killed an orc knight
 10076 | Orc:1    | Reached skill level 10 in Fighting
 10144 | Orc:1    | Noticed an orc high priest
 10149 | Orc:1    | Noticed a sun demon
 10150 | Orc:1    | Killed an orc high priest
 10150 | Orc:1    | Received a gift from Okawaru
 10151 | Orc:1    | Found a roughly hewn altar of Beogh.
 10355 | Orc:2    | Reached skill level 16 in Axes
 10762 | Orc:1    | Identified the +3 ring mail of Eternal Vigilance {rPois Str+4} (You found it on level 1 of the Lair of Beasts)
 10876 | Orc:2    | Found a bloodstained altar of Trog.
 11568 | Orc:2    | Reached ***** piety under Okawaru
 12879 | Orc:4    | Entered Level 4 of the Orcish Mines
 13089 | Orc:4    | Found Ocwupt's Antique Armour Shoppe.
 13093 | Orc:4    | Noticed an orc knight
 13108 | Orc:4    | Killed an orc knight
 13361 | Orc:4    | Bought an encrusted chain mail for 247 gold pieces
 13361 | Orc:4    | Identified the cursed +1 chain mail of Rusieff {rF++} (You bought it in a shop on level 4 of the Orcish Mines)
 14026 | Orc:4    | Found a staircase to the Elven Halls.
 14268 | Orc:4    | Found Etaxu's Gadget Shop.
 14272 | Orc:4    | Noticed an ogre mage
 14352 | D:10     | Entered Level 10 of the Dungeon
 14362 | D:10     | Noticed Erica
 14372 | D:10     | Killed Erica
 14372 | D:10     | Received a gift from Okawaru
 14372 | D:10     | Reached skill level 10 in Armour
 14372 | D:10     | Reached XP level 12. HP: 98/110 MP: 12/12
 14499 | D:10     | Found a portal to a secret trove of treasure.
 14524 | D:10     | Noticed Joseph
 14538 | D:10     | Killed Joseph
 14605 | D:10     | Reached skill level 17 in Axes
 14682 | D:10     | Killed an unseen horror
 14878 | D:10     | Noticed Psyche
 15014 | D:11     | Found a sparkling altar of Nemelex Xobeh.
 16298 | D:12     | Found a shattered altar of Ashenzari.
 16298 | D:12     | Noticed Nessos
 16481 | D:12     | Noticed an eight-headed hydra
 17051 | Lair:1   | Killed a five-headed hydra
 17875 | Lair:2   | Reached skill level 18 in Axes
 17878 | Lair:2   | Received a gift from Okawaru
 18197 | Lair:2   | Reached skill level 5 in Dodging
 18250 | Lair:2   | Reached XP level 13. HP: 104/118 MP: 14/14
 18255 | Lair:2   | Reached ****** piety under Okawaru
 19147 | Lair:3   | Noticed Maud
 19158 | Lair:3   | Killed Maud
 19202 | Lair:3   | Received a gift from Okawaru
 19910 | Lair:4   | Noticed Snorg
 19921 | Lair:4   | Killed Snorg
 20647 | Lair:5   | Found a staircase to the Shoals.
 20692 | Lair:5   | Learned a level 1 spell: Apportation
 20695 | Lair:5   | Learned a level 2 spell: Blink
 20806 | Lair:5   | Noticed Uhlv's ghost (journeyman MiBe)
 20824 | Lair:5   | Killed Uhlv's ghost
 21322 | Lair:6   | Reached skill level 19 in Axes
 21410 | Lair:6   | Reached skill level 5 in Invocations
 21804 | Lair:6   | Received a gift from Okawaru
 22156 | Lair:6   | Found a staircase to the Slime Pits.
 22336 | Lair:6   | Found a hole to the Spider Nest.
 22499 | Lair:7   | Reached XP level 14. HP: 115/127 MP: 11/18
 23052 | Lair:8   | Entered Level 8 of the Lair of Beasts
 23962 | Lair:8   | Reached skill level 5 in Throwing
 23996 | Lair:8   | Received a gift from Okawaru
 24295 | Lair:8   | Got a fine great mace
 24401 | Lair:8   | Reached skill level 20 in Axes
 24402 | Lair:8   | Received a gift from Okawaru
 24646 | Lair:8   | Received a gift from Okawaru
 25048 | Lair:8   | Reached XP level 15. HP: 94/136 MP: 16/20
 25380 | Orc:4    | Killed an ogre mage
 25481 | Orc:4    | Found a radiant altar of Vehumet.
 25481 | Orc:4    | Noticed an ogre mage
 25494 | Orc:4    | Killed an ogre mage
 25578 | Orc:4    | Noticed an ogre mage
 25769 | Orc:4    | Noticed an ogre mage
 25773 | Orc:4    | Killed an ogre mage
 25773 | Orc:4    | Received a gift from Okawaru
 25787 | Orc:4    | Found an ancient bone altar of Kikubaaqudgha.
 25797 | Orc:4    | Found a roughly hewn altar of Beogh.
 25797 | Orc:4    | Found Koahuir's Gadget Shop.
 25914 | Orc:4    | Killed an ogre mage
 25916 | Orc:4    | Found Ozomut's Antique Armour Boutique.
 26059 | Orc:4    | Found Erchie's Distillery.
 26145 | Orc:4    | Bought a spiked plate armour for 784 gold pieces
 26145 | Orc:4    | Bought a jewelled helmet for 266 gold pieces
 26156 | Orc:4    | Identified the +3 helmet of Patience {rPois rN+++ Int-5 SInv} (You bought it in a shop on level 4 of the Orcish Mines)
 26167 | Orc:4    | Identified the +6 plate armour of Igiteditt {rCorr} (You bought it in a shop on level 4 of the Orcish Mines)
 26168 | Orc:4    | Bought a crude scale mail for 252 gold pieces
 26168 | Orc:4    | Identified the +3 scale mail "Atur" {rElec Str+3 Dex+5} (You bought it in a shop on level 4 of the Orcish Mines)
 26967 | D:13     | Found Ruel Vugh's Food Boutique.
 26975 | D:13     | Found Cearumor's Distillery.
 27245 | D:13     | Found Tutir's Distillery.
 27289 | D:13     | Found Sura's General Store.
 27386 | D:13     | Found Doess's Assorted Antiques.
 27395 | D:13     | Bought a pair of runed boots for 180 gold pieces
 27395 | D:13     | Bought a fuming black potion for 36 gold pieces
 27796 | D:13     | Identified a +1 pair of boots of running (You bought it in a shop on level 13 of the Dungeon)
 28067 | D:14     | Reached skill level 1 in Crossbows
 28239 | D:14     | Found a gate to the Vaults.
 28263 | D:14     | Received a gift from Okawaru
 28579 | D:15     | Entered Level 15 of the Dungeon
 28587 | D:15     | Reached skill level 21 in Axes
 28758 | D:15     | Found a shattered altar of Ashenzari.
 29031 | D:15     | Reached XP level 16. HP: 147/147 MP: 22/22
 29036 | D:15     | Found an ancient bone altar of Kikubaaqudgha.
 29523 | D:15     | Noticed Louise
 29539 | D:15     | Killed Louise
 29539 | D:15     | Reached skill level 15 in Fighting
 29598 | D:15     | Found a staircase to the Depths.
 29668 | D:15     | Reached skill level 5 in Crossbows
 30140 | Spider:1 | Entered Level 1 of the Spider Nest
 31237 | Spider:1 | Received a gift from Okawaru
 32323 | Spider:2 | Reached skill level 1 in Evocations
 33208 | Spider:3 | Reached skill level 5 in Evocations
 33741 | Spider:3 | Reached XP level 17. HP: 156/159 MP: 23/23
 33778 | Spider:3 | Received a gift from Okawaru
 35037 | Spider:3 | Received a gift from Okawaru
 35678 | Spider:4 | Entered Level 4 of the Spider Nest
 35751 | Spider:4 | Received a gift from Okawaru
 35996 | Spider:4 | Noticed Arachne
 36031 | Spider:4 | Killed Arachne
 36031 | Spider:4 | Reached skill level 10 in Evocations
 36558 | Spider:4 | Noticed Roxanne
 37425 | Spider:4 | Killed Roxanne
 38432 | Spider:4 | Reached XP level 18. HP: 168/168 MP: 27/27
 38440 | Spider:4 | Got a gossamer rune of Zot
 38907 | D:10     | You paid a toll of 2 potions of cure mutation to enter a treasure trove
 38908 | Trove    | Entered a treasure trove
 38939 | Trove    | Got a sapphire-encrusted chain mail
 38946 | Trove    | Got an encrusted scale mail
 38948 | Trove    | Got a smoking turquoise ring
 38960 | Trove    | Identified the Reference Book on Malediction and Attacks
 39028 | D:10     | Identified the ring "Nezuanot" {Wiz +Fly Str+4 Int+4} (You found it in a treasure trove)
 39176 | D:10     | Noticed Josephine
 39183 | D:10     | Killed Josephine
 39187 | D:10     | Killed Psyche
 39493 | D:12     | Killed an 11-headed hydra
 39548 | D:12     | Killed Nessos
 39548 | D:12     | Received a gift from Okawaru
 39734 | D:8      | Found Quaqocs's Assorted Antiques.
 39741 | D:8      | Bought a triangular ivory amulet for 185 gold pieces
 39741 | D:8      | Bought a scroll of identify for 74 gold pieces
 39741 | D:8      | Bought a scroll labeled HUAKLY HEANUNK for 37 gold pieces
 39899 | D:8      | Found Datiemyp's Antique Armour Emporium.
 39904 | D:8      | Bought a jewelled helmet for 237 gold pieces
 39904 | D:8      | Bought a spiked plate armour for 700 gold pieces
 39905 | D:8      | Identified the cursed -1 helmet of the Cast Vote {Slay+5} (You bought it in a shop on level 8 of the Dungeon)
 39906 | D:8      | Identified the cursed +0 plate armour "Coejatt" {rN+ Str+4} (You bought it in a shop on level 8 of the Dungeon)
 40024 | D:8      | Killed Erolcha
 40194 | Lair:1   | Identified the +4 chain mail of Light {-Tele rCorr Dex+2} (You found it in a treasure trove)
 40206 | Lair:1   | Identified the +2 scale mail "Wusch" {Dex+3} (You found it in a treasure trove)
 40406 | Shoals:1 | Entered Level 1 of the Shoals
 42557 | Shoals:1 | Received a gift from Okawaru
 43058 | Shoals:2 | Identified the Catalogue of Calling
 43084 | Shoals:2 | Received a gift from Okawaru
 43594 | Shoals:2 | Received a gift from Okawaru
 45869 | Shoals:3 | Noticed Yermak's ghost (adept FoSk)
 45899 | Shoals:3 | Killed Yermak's ghost
 46325 | Shoals:3 | Found Eriujor's Armour Emporium.
 46357 | Shoals:3 | Found a shadowy altar of Dithmenos.
 46644 | Shoals:3 | Received a gift from Okawaru
 46707 | Shoals:4 | Entered Level 4 of the Shoals
 47167 | Shoals:4 | Received a gift from Okawaru
 47170 | Shoals:4 | Got a bloodstained scale mail {god gift}
 47798 | Shoals:3 | Reached XP level 19. HP: 123/179 MP: 18/29
 47877 | Shoals:3 | Reached skill level 15 in Armour
 48761 | Shoals:4 | Got a barnacled rune of Zot
 48802 | Shoals:4 | Identified the +0 scale mail "Emerch" {MR+ Str+4 Dex+2} (Okawaru gifted it to you on level 4 of the Shoals)
 48837 | Shoals:4 | Noticed Ilsuiw
 49078 | Shoals:4 | Killed Ilsuiw
 50494 | Elf:1    | Entered Level 1 of the Elven Halls
 50619 | Elf:1    | Noticed Frances
 50622 | Elf:1    | Noticed Donald
 50633 | Elf:1    | Killed Frances
 50635 | Elf:1    | Killed Donald
 51244 | Elf:1    | Noticed Agnes
 51251 | Elf:1    | Killed Agnes
 51434 | Elf:1    | Noticed Nikola
 51449 | Elf:1    | Killed Nikola
 51449 | Elf:1    | Received a gift from Okawaru
 51770 | Elf:2    | Found Gemp's Food Emporium.
 51995 | Elf:2    | Received a gift from Okawaru
 52000 | Elf:2    | Got a smoking ring mail {god gift}
 52360 | Elf:2    | Found a runed gate.
 52362 | Elf:2    | Found a runed gate.
 52362 | Elf:2    | Found a runed gate.
 52400 | Elf:2    | Found Purig's Antique Weapon Emporium.
 52875 | Elf:2    | Reached XP level 20. HP: 149/191 MP: 18/30
 53415 | Elf:3    | Entered Level 3 of the Elven Halls
 53458 | Elf:3    | Noticed bollicks1999's ghost (veteran HOFi)
 53953 | Elf:3    | Found a huge runed gate.
 53953 | Elf:3    | Found a huge runed gate.
 53953 | Elf:3    | Found a huge runed gate.
 53953 | Elf:3    | Found a huge runed gate.
 53953 | Elf:3    | Found a huge runed gate.
 53953 | Elf:3    | Found a huge runed gate.
 53953 | Elf:3    | Found a huge runed gate.
 53953 | Elf:3    | Found a huge runed gate.
 53953 | Elf:3    | Found a huge runed gate.
 53953 | Elf:3    | Found a huge runed gate.
 53959 | Elf:3    | Found a huge runed gate.
 53959 | Elf:3    | Found a huge runed gate.
 53959 | Elf:3    | Found a huge runed gate.
 53959 | Elf:3    | Found a huge runed gate.
 53959 | Elf:3    | Found a huge runed gate.
 53959 | Elf:3    | Found a huge runed gate.
 54248 | Elf:3    | Gained mutation: You are dopey. (Int -2) [a shining eye]
 54502 | Elf:3    | HP: 1/193 [deep elf annihilator/crystal spear (49)]
 55054 | Elf:3    | Quit the game

Action                   |  1- 3 |  4- 6 |  7- 9 | 10-12 | 13-15 | 16-18 | 19-21 || total
-------------------------+-------+-------+-------+-------+-------+-------+-------++-------
Melee: War axe           |   103 |       |       |       |       |       |       ||   103
       Battleaxe         |    15 |   115 |   275 |   765 |       |       |       ||  1170
       Executioner's axe |       |       |       |    17 |   883 |  1384 |   576 ||  2860
       Dire flail        |       |       |       |     9 |    44 |       |       ||    53
Throw: Stone             |     1 |     4 |    19 |       |       |       |       ||    24
       Tomahawk          |       |       |       |    12 |     8 |       |       ||    20
       Javelin           |       |       |       |       |     8 |    24 |     6 ||    38
Invok: Heroism           |       |       |       |     7 |     7 |     9 |     3 ||    26
       Finesse           |       |       |       |       |     1 |     2 |       ||     3
 Abil: Evoke Teleportati |       |       |       |       |       |       |     2 ||     2
Evoke: Wand              |       |       |       |     2 |       |     3 |       ||     5
  Use: Scroll            |       |       |       |    23 |    10 |    16 |     3 ||    52
       Potion            |       |       |       |       |       |     2 |     3 ||     5
 Stab: Held in net/web   |       |       |       |       |       |     1 |       ||     1
       Paralysed         |       |       |       |       |       |     1 |       ||     1
  Eat: Chunk             |     2 |     7 |    13 |    38 |    37 |    57 |    21 ||   175
       Fruit             |       |       |       |       |     1 |     3 |     3 ||     7
